 Dungeon Crawl Stone Soup version 0.29-a0-483-g69413ace17 (webtiles) character file.

Game seed: 14119310438515294906

1251 avis the Ruffian (level 8, -1/78 HPs)
             Began as an Ogre Transmuter on May 26, 2022.
             Slain by Pikel
             ... wielding a +2 whip of flaming
              (12 damage)
             ... on level 6 of the Dungeon.
             The game lasted 00:35:11 (6602 turns).

avis the Ruffian (Ogre Transmuter)                  Turns: 6602, Time: 00:35:15

Health: -1/78      AC:  3    Str: 21    XL:     8   Next: 51%
Magic:  12/14      EV: 10    Int: 14    God:
Gold:   224        SH:  0    Dex: 11    Spells: 4/15 levels left

rFire   . . .      SeeInvis .     - Unarmed
rCold   . . .      Faith    .   (no shield)
rNeg    . . .      Spirit   .   a - +0 robe
rPois   +          Reflect  .   (helmet currently unavailable)
rElec   .          Harm     .   (no cloak)
rCorr   .          Rampage  .   (gloves unavailable)
Will    .....                   (boots unavailable)
Stlth   +.........              (no amulet)
HPRegen 0.23/turn               n - ring of poison resistance
MPRegen 0.14/turn               x - +6 ring of strength

@: appendages
A: horns 2, talons 2, large, unfitting armour, tough skin 1
a: End Transformation


You were on level 6 of the Dungeon.
You had temporarily grown beastly horns and talons.
You visited 1 branch of the dungeon, and saw 6 of its levels.

You collected 235 gold pieces.
You spent 11 gold pieces at shops.

Inventory:

Hand Weapons
 b - a +0 hunting sling
 v - a +0 giant club
 C - a +1 whip of venom
 E - a +1 flail of protection
 I - a +0 shortbow
 J - a +0 giant spiked club
Missiles
 d - 146 stones
 q - 4 large rocks (quivered)
 t - 2 poisoned darts
Armour
 a - a +0 robe (worn)
 l - a +0 kite shield
 D - a +0 robe
Jewellery
 n - a ring of poison resistance (left hand)
 x - a +6 ring of strength (right hand)
 F - a ring of see invisible
Wands
 w - a wand of flame (15)
Scrolls
 c - 3 scrolls of amnesia {unknown}
 e - 4 scrolls of identify {unknown}
 f - a scroll of fog {unknown}
 h - 2 scrolls of magic mapping {unknown}
 k - 2 scrolls of teleportation {unknown}
 m - a scroll of immolation {unknown}
 r - a scroll of blinking {unknown}
 u - a scroll of summoning {unknown}
 y - a scroll of silence {unknown}
 B - a scroll of fear {unknown}
Potions
 g - 2 potions of mutation {unknown}
 i - a potion of brilliance {unknown}
 j - a potion of might {unknown}
 o - a potion of attraction {unknown}
 p - a potion of berserk rage {unknown}
 s - a potion of lignification
 z - a potion of haste {unknown}
 A - a potion of flight {unknown}
 G - a potion of curing {unknown}
 H - a potion of heal wounds {unknown}


   Skills:
 - Level 4.0 Fighting
 - Level 2.0 Dodging
 * Level 5.0 Shields
 - Level 5.0 Unarmed Combat
 - Level 4.0 Spellcasting
 - Level 2.0 Transmutations
 - Level 5.0 Ice Magic


You had 4 spell levels left.
You knew the following spells:

 Your Spells              Type           Power      Damage    Failure   Level
a - Beastly Appendage     Tmut           16%        N/A       9%          1
o - Ozocubu's Armour      Ice            16%        N/A       8%          3
p - Spider Form           Tmut/Pois      5%         N/A       36%         3
q - Ice Form              Ice/Tmut       12%        N/A       41%         4

Your spell library contained the following spells:

 Spells                   Type           Power      Damage    Failure   Level
 Ensorcelled Hibernation  Hex/Ice        18%        N/A       11%         2
 Wereblood                Tmut           8%         N/A       13%         2
 Shock                    Conj/Air       8%         1d3       19%         1
 Passwall                 Tmut/Erth      4%         N/A       19%         2
 Static Discharge         Conj/Air       2%         N/A       28%         2
 Swiftness                Air            2%         N/A       50%         3
 Airstrike                Air            1%         N/A       88%         4
 Dispel Undead            Necr           2%         3d7       88%         4
 Sticky Flame             Conj/Fire      2%         2d3       88%         4
 Summon Forest            Summ/Tloc      1%         N/A       99%         5
 Eringya's Noxious Bog    Tmut/Pois      2%         N/A       100%        6
 Ozocubu's Refrigeration  Ice            8%         4d6       100%        7
 Summon Hydra             Summ           1%         N/A       100%        7


Dungeon Overview and Level Annotations

Branches:
Dungeon (6/15)
 Temple: D:4-7

Altars:
Cheibriados
Dithmenos

Shops:
D:3 ((*

Annotations:
D:5 3 runed translucent doors, Gelos's ghost, amateur MiFi
D:6 Pikel


Innate Abilities, Weirdness & Mutations

You have temporarily grown beastly horns and talons.
You are too large for most types of armour.
You have tough skin. (AC +1)


Message History

Pikel is heavily wounded.
Pikel hits you with a +2 whip of flaming.
Pikel burns you. The heat melts your icy armour.
You closely miss Pikel. You claw Pikel. Your headbutt misses Pikel.
Pikel is severely wounded.
Pikel says, "You'll feel the lick of my whip!"
Pikel barely misses you.
You barely miss Pikel.
Pikel is severely wounded.
Pikel hits you with a +2 whip of flaming!
Pikel burns you. The heat melts your icy armour.
You hit Pikel but do no damage.
Pikel is severely wounded.
Your icy armour evaporates.
You barely miss Pikel. You claw Pikel.
Pikel is severely wounded.
Pikel hits you with a +2 whip of flaming.
* * * LOW HITPOINT WARNING * * *
Pikel burns you.
* * * LOW HITPOINT WARNING * * *
You closely miss Pikel.
Pikel is severely wounded.
Pikel barely misses you.
You closely miss Pikel. You claw Pikel, but do no damage.
Pikel is severely wounded.
Pikel closely misses you.
Throw: 5 large rocks
Press: ? - help, Q - select action, (/) - cycle Shift-Dir - straight line, f/p - Pikel
Aim: Pikel, wielding a +2 whip of flaming and wearing a +0 robe (severely wounded, 50% to hit)
You throw a large rock. The large rock barely misses Pikel.
The large rock hits the lemure.
The lemure is lightly wounded.
Pikel hits you with a +2 whip of flaming!
* * * LOW HITPOINT WARNING * * *
Pikel burns you.
* * * LOW HITPOINT WARNING * * *
Pikel hits you with a +2 whip of flaming!
You die...

#.$............
#..............
#........o.....
#......?...[...
#.............#
#.........#
#.........#
..?#######5..!.....#
#.....@K55...(....#
#########{........#
#.5....!.<#
..........#
...........#
.#>..?....!.#
#.#..........#
#.#.#.."....#. .#
#.....# .


You could see Pikel and 3 lemures.

Vanquished Creatures
  Duvessa (D:4)
  A water moccasin (D:5)
  A black bear (D:5)
  3 ogres
  A lemure (D:6)
  2 phantoms (D:5)
  A necrophage (D:5)
  Dowan (D:4)
  2 hounds
  A gnoll shaman (D:5)
  3 iguanas (D:5)
  8 gnolls
  10 adders
  A shadow imp (D:5)
  2 white imps
  An ufetubus (D:5)
  2 dart slugs
  2 worms (D:4)
  14 bats
  4 endoplasms
  6 giant cockroaches
  8 hobgoblins
  3 jackals (D:1)
  A quokka (D:2)
  5 ball pythons
  10 frilled lizards (D:1)
  9 goblins
  9 kobolds
  5 rats
117 creatures vanquished.

Vanquished Creatures (others)
  4 plants (D:1)
4 creatures vanquished.

Grand Total: 121 creatures vanquished

Notes
Turn   | Place    | Note
-------+----------+-------------------------------------------
     0 | D:1      | avis the Ogre Transmuter began the quest for the Orb.
     0 | D:1      | Reached XP level 1. HP: 19/19 MP: 3/3
   168 | D:1      | Reached XP level 2. HP: 27/28 MP: 3/5
   642 | D:1      | You fall into a shaft and drop 1 floor!
   719 | D:2      | Reached XP level 3. HP: 33/37 MP: 4/6
   821 | D:2      | Reached XP level 4. HP: 28/45 MP: 5/7
  1186 | D:2      | Learned a level 3 spell: Spider Form
  1937 | D:2      | Learned a level 3 spell: Ozocubu's Armour
  1983 | D:2      | Found a faded altar of an unknown god.
  1983 | D:2      | Noticed a sun demon
  2370 | D:3      | Found Puuffot's Weapon Shoppe.
  2378 | D:3      | Bought 2 poisoned darts for 11 gold pieces
  2753 | D:3      | Found Bischutwo's General Store.
  2897 | D:3      | Found Weown's Antique Weapon Shop.
  3251 | D:4      | Found a shadowy altar of Dithmenos.
  3266 | D:3      | Reached skill level 1 in Ice Magic
  3266 | D:3      | Reached XP level 5. HP: 49/53 MP: 5/8
  3370 | D:4      | Noticed an ogre
  3375 | D:4      | Killed an ogre
  3376 | D:4      | Reached skill level 5 in Unarmed Combat
  3376 | D:4      | Reached XP level 6. HP: 61/61 MP: 8/10
  3620 | D:4      | Reached skill level 1 in Shields
  3872 | D:4      | Noticed Duvessa
  3872 | D:4      | Noticed Dowan
  3886 | D:4      | Killed Duvessa
  3887 | D:4      | Reached XP level 7. HP: 56/67 MP: 8/11
  3896 | D:4      | Killed Dowan
  4657 | D:5      | Entered Level 5 of the Dungeon
  5091 | D:5      | Found a runed translucent gate.
  5093 | D:5      | Found a runed translucent gate.
  5093 | D:5      | Found a runed translucent gate.
  5094 | D:5      | Noticed Gelos's ghost (amateur MiFi)
  5355 | D:5      | Learned a level 4 spell: Ice Form
  5389 | D:5      | Reached XP level 8. HP: 43/78 MP: 6/12
  5719 | D:5      | Found a snail-covered altar of Cheibriados.
  5819 | D:5      | Reached skill level 5 in Ice Magic
  6173 | D:5      | Reached skill level 5 in Shields
  6536 | D:6      | Noticed Pikel
  6602 | D:6      | Slain by Pikel

Illustrated notes

Levels and vault maps discovered:
D:1:      zaba_arrival_water, layout_basic, minmay_lizard_king
D:2:      layout_rooms, dreamdust_ecumenical_altar_sealed_demon
D:3:      layout_basic, serial_shops, nicolae_shop_bloodbath_and_beyond, shop,
          shop
D:4:      minmay_skewed_foursquare, layout_loops_ring,
          mainiacjoe_overflow_brackets, uniq_duvessa
D:5:      layout_basic, mainiacjoe_overflow_alcove_1, ebering_ghost_rock_garden,
          kennysheep_small_circle
D:6:      layout_rooms, mainiacjoe_overflow_tiny_flanked,
          gammafunk_temple_overflow_pools, serial_shops, nicolae_square_shop,
          uniq_pikel

Skill      XL: |  1  2  3  4  5  6  7  8 |
---------------+-------------------------+-----
Fighting       | 2 3 4 |  4.0
Unarmed Combat | 3 4 5 |  5.0
Ice Magic      | 1 3 4 5 |  5.0
Transmutations | 2 |  2.0
Spellcasting   | 3 4 |  4.0
Shields        | 2 4 5 |  5.0
Dodging        | 2 |  2.0

Action                   |  1- 3 |  4- 6 |  7- 9 || total
-------------------------+-------+-------+-------++-------
Melee: Unarmed           |    81 |   142 |   166 ||   389
       Kick              |    14 |    31 |    40 ||    85
       Headbutt          |    10 |    19 |    28 ||    57
       Punch             |       |     3 |     9 ||    12
Throw: Large rock        |       |     3 |     3 ||     6
       Dart              |       |     2 |       ||     2
 Cast: Beastly Appendage |    15 |    47 |    28 ||    90
       Ozocubu's Armour  |       |     1 |    18 ||    19
       Spider Form       |       |     1 |       ||     1
  Use: Potion            |       |       |     1 ||     1
Armor: Robe              |    37 |    38 |    49 ||   124
       Skin              |       |       |    11 ||    11
Dodge: Dodged            |    25 |    66 |    69 ||   160

Table legend: (Time is in decaauts)
 A = Elapsed time spent in this place.
 B = Non-inter-level travel time spent in this place.
 C = Inter-level travel time spent in this place.
 D = Time resting spent in this place.
 E = Time spent auto-exploring this place.
 F = Levels seen in this place.
 G = Mean time per level.
                   A        B        C        D        E       F      G
               +--------+--------+--------+--------+--------+-----+--------+
         Total |   6586 |   6105 |    481 |   1932 |   2817 |   6 | 1097.7 |
       Dungeon |   6586 |   6105 |    481 |   1932 |   2817 |   6 | 1097.7 |
               +--------+--------+--------+--------+--------+-----+--------+

Top non-repeatable levels by time:
     D:5: 1726 daAuts
     D:4: 1424 daAuts
     D:1: 1333 daAuts
     D:3: 1067 daAuts
     D:2: 970 daAuts
     D:6: 65 daAuts
